 Dungeon Crawl Stone Soup version 0.25-a0-857-g60a0bcd8b5 (webtiles) character file.

Game seed: 1736152102069256581, levelgen mode: deterministic

11300 MIKEmikeMIKE the Thaumaturge (level 11, -8/50 HPs)
             Began as a Spriggan Wizard on Apr 26, 2020.
             Was a Believer of Sif Muna.
             Mangled by a snapping turtle (17 damage)
             ... on level 1 of the Shoals.
             The game lasted 03:08:01 (23303 turns).

MIKEmikeMIKE the Thaumaturge (Spriggan Wizard)     Turns: 23303, Time: 03:08:01

Health: -8/50      AC:  5    Str:  4    XL:     11   Next: 47%
Magic:  0/39       EV: 25    Int: 22    God:    Sif Muna [**....]
Gold:   482        SH:  4    Dex: 15    Spells: 24/38 levels left

rFire    . . .     SeeInvis +   J - +4 dagger (chaos)
rCold    . . .     Gourm    .   (shield restricted)
rNeg     + . .     Faith    .   H - +2 robe {rN+}
rPois    .         Spirit   +   b - +1 hat
rElec    .         Reflect  +   j - scarf {Spirit}
rCorr    .         Harm     .   (gloves unavailable)
MR       +....                  (boots unavailable)
Stlth    +++.......             i - +4 amulet of reflection
HPRegen  0.16/turn              M - ring of magical power
MPRegen  0.26/turn              a - +4 ring of evasion

@: very quick
A: very small, unfitting armour, see invisible, herbivore, speed 3, slow
metabolism 2
a: Channel Magic, Renounce Religion


You were on level 1 of the Shoals.
You worshipped Sif Muna.
Sif Muna was pleased with you.
You were not hungry.

You visited 4 branches of the dungeon, and saw 17 of its levels.
You also visited: Gauntlet.

You collected 960 gold pieces.
You spent 478 gold pieces at shops.

Inventory:

Hand Weapons
 f - a +2 rapier of venom
 s - a +3 hand axe of freezing
 J - a +4 dagger of chaos (weapon)
Missiles
 g - 424 stones
 v - 13 poisoned darts
 K - 5 curare-tipped darts (quivered)
Armour
 b - a +1 hat (worn)
 j - a scarf of spirit shield (worn)
 H - a +2 robe of positive energy (worn)
Jewellery
 a - a +4 ring of evasion (right hand)
 h - an uncursed amulet of the acrobat
 i - a +4 amulet of reflection (around neck)
 p - an uncursed ring of fire
 q - an uncursed ring of poison resistance
 C - a +4 ring of dexterity
 G - an uncursed ring of protection from cold
 I - an uncursed ring of stealth
 M - a ring of magical power (left hand)
Wands
 y - a wand of polymorph (28)
 D - a wand of iceblast (22)
 L - a wand of flame (18)
 O - a wand of random effects (19)
Scrolls
 k - 2 scrolls of enchant armour
 l - 6 scrolls of remove curse
 o - 5 scrolls of identify
 r - 4 scrolls of amnesia
 t - a scroll of fog
 u - 2 scrolls of magic mapping
 F - a scroll of noise {unknown}
Potions
 c - a potion of invisibility {unknown}
 m - 2 potions of haste
 n - 2 potions of stabbing
 w - a potion of might {unknown}
 z - 2 potions of brilliance
 B - a potion of berserk rage {unknown}
Miscellaneous
 N - a lightning rod (1/4)
Comestibles
 d - 22 rations


   Skills:
 + Level 1.6 Fighting
 + Level 0.4 Short Blades
 + Level 2.9 Axes
 + Level 3.4 Throwing
 + Level 5.9 Dodging
 + Level 4.7 Stealth
 + Level 14.4 Spellcasting
 + Level 6.4 Conjurations
 + Level 2.2 Hexes
 + Level 4.1 Summonings
 + Level 2.9 Translocations
 + Level 3.2 Fire Magic
 + Level 1.6 Air Magic
 + Level 2.2 Poison Magic
 + Level 1.0 Evocations


You had 24 spell levels left.
You knew the following spells:

 Your Spells              Type           Power        Failure   Level  Hunger
a - Magic Dart            Conj           ####         1%          1    None
b - Call Imp              Summ           ####....     1%          2    None
c - Slow                  Hex            ####....     2%          2    None
d - Blink                 Tloc           N/A          1%          2    None
e - Conjure Flame         Conj/Fire      #####...     1%          3    None
f - Mephitic Cloud        Conj/Pois/Air  ####....     2%          3    None
g - Corona                Hex            ####...      1%          1    None

Your spell library contained the following spells:

 Spells                   Type           Power        Failure   Level  Hunger
 Apportation              Tloc           ####..       1%          1    None
 Summon Small Mammal      Summ           ####         1%          1    None
 Animate Skeleton         Necr           N/A          3%          1    None
 Beastly Appendage        Tmut           ###...       3%          1    None
 Pain                     Necr           ###.         3%          1    None
 Sticks to Snakes         Tmut           ###.....     6%          2    None
 Spider Form              Tmut/Pois      ###.......   8%          3    None
 Vampiric Draining        Necr           ###.......   12%         3    None
 Animate Dead             Necr           N/A          36%         4    None
 Ice Form                 Ice/Tmut       ###.....     36%         4    None
 Agony                    Necr           ###.....     71%         5    ###....
 Blade Hands              Tmut           ###.......   71%         5    ###....


Dungeon Overview and Level Annotations

Branches:
Dungeon (11/15)            Temple (1/1) D:7            Lair (3/6) D:11
 Shoals (2/4) Lair:2      Gauntlet (visited)
  Snake: Lair:2-4    Spider: Lair:2-4       Orc: D:9-12

Altars:
Cheibriados
Fedhas
Makhleb
Okawaru
Qazlal
Ru
Sif Muna
Trog
Uskayaw
Vehumet
The Shining One
Beogh

Shops:
D:4 %   D:7 *   Shoals:2 =

Annotations:
D:8 emiel's ghost, novice MiFi


Innate Abilities, Weirdness & Mutations

You are very small and have problems with some larger weapons.
You are too small for most types of armour.
You have supernaturally acute eyesight. (SInv)
You are a herbivore.
You cover ground extremely quickly.
You need to consume almost no food.


Message History

The water swirls and strikes you!!
* * * LOW HITPOINT WARNING * * *
Casting: Blink (safe; 1% risk of failure)
Confirm with . or Enter, or press ? or * to list all spells.
You blink.
The water nymph flows with the water.
Casting: Blink (safe; 1% risk of failure)
Confirm with . or Enter, or press ? or * to list all spells.
You don't have enough magic to cast that spell.
A snapping turtle comes into view.
Splash!
You fall into the shallow water.
Moving in this stuff is going to be slow.
Splash!
You fall into the shallow water.
Moving in this stuff is going to be slow.
The snapping turtle hisses angrily.
The snapping turtle bites the plant!!
The snapping turtle closely misses you.
You hit the plant but do no damage. The snapping turtle bites you!!
You die...

.....≈≈≈≈≈≈ ......≈≈≈≈
.......≈≈≈ ≈≈≈P≈ .........
P≈≈≈≈≈ ......... P≈≈≈≈≈
........# P≈≈≈P≈ ≈≈≈≈≈PPP
......P.###.≈≈≈≈≈ ≈≈≈≈..PP
#....@....≈≈≈≈≈ ....P..#.
##.Pt......≈≈≈≈ ....P##..
##P........≈≈≈ ........P
#P...≈.P.#.≈≈ ....P....t
#...≈m≈..#.≈≈ ....P# P...
#P..≈≈≈..#..≈ ....P## ...
##P..≈≈≈....≈≈
......##...##P...≈≈≈..≈≈≈≈
.....PP##+#..P..≈≈≈≈.≈≈≈≈≈


You could see a snapping turtle and a water nymph.

Vanquished Creatures
  A two-headed ogre (D:10)
  Sonja (Lair:1)
  Pikel (D:5)
  A manticore (Shoals:2)
  A black mamba (Lair:1)
  3 elephants (Lair:3)
  Maggie (Lair:1)
  A komodo dragon (Lair:3)
  2 merfolk (Shoals:2)
  A hornet (D:8)
  3 hippogriffs
  3 yaks (Lair:1)
  A human (D:7)
  Grum (D:8)
  2 hungry ghosts
  4 hogs (D:7)
  Menkaure (D:5)
  Duvessa (D:5)
  2 water moccasins (Lair:1)
  3 porcupines
  2 ice beasts (D:6)
  4 orc warriors
  2 black bears
  A slave (D:5)
  A sky beast (D:10)
  2 phantoms
  2 centaurs
  5 ogres
  3 wolves
  A crocodile (D:8)
  Blork the orc (D:4)
  5 bullfrogs
  A water moccasin zombie (D:8)
  2 scorpions
  A water moccasin skeleton (D:8)
  An electric eel (D:7)
  2 crimson imps (D:6)
  2 centaur zombies
  A wyvern simulacrum (D:8)
  2 centaur skeletons
  4 orc priests
  2 hounds
  2 jellies
  4 orc wizards
  A bullfrog skeleton (D:6)
  Ijyb (D:3)
  3 iguanas
  9 worker ants
  A hound skeleton (D:9)
  4 gnolls (D:2)
  14 adders
  A shadow imp (D:9)
  An adder skeleton (D:8)
  An adder zombie (D:6)
  A worm (D:5)
  A dart slug (D:2)
  3 leopard geckos
  31 orcs
  7 giant cockroaches
  24 goblins
  9 hobgoblins
  4 jackals
  11 kobolds
  4 quokkas
  2 ball pythons
  4 bats
  6 frilled lizards
  A quokka zombie (D:5)
  2 rats
  A plant (Lair:1)
234 creatures vanquished.

Vanquished Creatures (collateral kills)
  A black mamba (Lair:3)
  Psyche (D:8)
  2 yaks (Lair:3)
  2 centaurs (D:7)
  A bullfrog (D:7)
  A howler monkey (D:6)
  A jelly (D:6)
  A bullfrog skeleton (D:6)
  A hound skeleton (D:7)
  Robin (D:3)
  An orc (D:3)
  3 goblins (D:3)
  A hobgoblin (D:3)
  A jackal (D:7)
  2 kobolds (D:3)
  A quokka (D:2)
  A jackal skeleton (D:5)
  A rat (D:3)
  A plant (Lair:1)
24 creatures vanquished.

Vanquished Creatures (others)
  3 slaves (D:5)
  2 centaurs (D:5)
  Dowan (D:5)
  A centaur zombie (D:5)
  A shadow imp (D:5)
  An orc (D:5)
  A goblin (D:3)
  3 fungi
  22 plants
35 creatures vanquished.

Grand Total: 293 creatures vanquished

Notes
Turn   | Place    | Note
-------+----------+-------------------------------------------
     0 | D:1      | MIKEmikeMIKE the Spriggan Wizard began the quest for the
                  | Orb.
     0 | D:1      | Reached XP level 1. HP: 9/9 MP: 6/6
   275 | D:1      | Reached XP level 2. HP: 13/13 MP: 6/8
   550 | D:1      | Learned a level 2 spell: Call Imp
   882 | D:2      | Reached skill level 5 in Spellcasting
  1043 | D:2      | Reached skill level 1 in Conjurations
  1134 | D:2      | Reached XP level 3. HP: 16/16 MP: 6/10
  1185 | D:2      | Learned a level 2 spell: Slow
  1191 | D:2      | Learned a level 2 spell: Blink
  1800 | D:2      | Reached XP level 4. HP: 21/21 MP: 1/12
  1905 | D:2      | Learned a level 3 spell: Conjure Flame
  2373 | D:3      | Found a blossoming altar of Fedhas.
  2374 | D:3      | Noticed Robin
  2394 | D:3      | Found a bloodstained altar of Trog.
  2584 | D:2      | Learned a level 3 spell: Mephitic Cloud
  2624 | D:3      | Found a radiant altar of Vehumet.
  3207 | D:3      | Reached skill level 6 in Spellcasting
  3854 | D:3      | Noticed Ijyb
  3942 | D:3      | Reached XP level 5. HP: 24/24 MP: 10/14
  4439 | D:3      | Killed Ijyb
  4886 | D:3      | Killed Robin
  5134 | D:4      | Found Lucaczurph's Food Shoppe.
  5144 | D:4      | Bought a ration for 50 gold pieces
  5144 | D:4      | Bought a ration for 50 gold pieces
  5144 | D:4      | Bought a ration for 50 gold pieces
  5365 | D:4      | Noticed Blork the orc
  5413 | D:4      | Reached skill level 7 in Spellcasting
  5413 | D:4      | Reached skill level 1 in Summonings
  5825 | D:4      | Killed Blork the orc
  5825 | D:4      | Reached XP level 6. HP: 28/28 MP: 3/17
  6208 | D:4      | Reached skill level 1 in Axes
  6851 | D:5      | Entered Level 5 of the Dungeon
  6878 | D:5      | Found a snail-covered altar of Cheibriados.
  6952 | D:5      | Noticed Duvessa
  6952 | D:5      | Noticed Dowan
  7184 | D:5      | Noticed a slave
  7184 | D:5      | Noticed a slave
  7187 | D:5      | Noticed Pikel
  7192 | D:5      | Noticed a slave
  7201 | D:5      | Noticed a slave
  7214 | D:5      | Killed a slave
  7345 | D:5      | Killed Pikel
  7345 | D:5      | Reached skill level 8 in Spellcasting
  7345 | D:5      | Reached skill level 1 in Poison Magic
  7345 | D:5      | Reached XP level 7. HP: 32/32 MP: 1/20
  7492 | D:5      | Killed Dowan
  7562 | D:5      | Reached skill level 1 in Fire Magic
  7565 | D:5      | Killed a freed slave
  7766 | D:5      | Killed Duvessa
  7766 | D:5      | Reached skill level 1 in Throwing
  7894 | D:5      | Reached XP level 8. HP: 36/36 MP: 15/21
  8048 | D:5      | Noticed Menkaure
  8456 | D:5      | Killed Menkaure
  8456 | D:5      | Reached skill level 1 in Hexes
  8723 | D:6      | Reached skill level 9 in Spellcasting
  9712 | D:6      | Reached skill level 10 in Spellcasting
 10200 | D:7      | Found a sacrificial altar of Ru.
 10363 | D:7      | Reached XP level 9. HP: 39/39 MP: 15/24
 10373 | D:7      | Reached skill level 1 in Fighting
 10946 | D:7      | Found a staircase to the Ecumenical Temple.
 11045 | Temple   | Entered the Ecumenical Temple
 11087 | Temple   | Became a worshipper of Sif Muna the Loreminder
 11222 | D:7      | Found Qesyrem's Assorted Antiques.
 11229 | D:7      | Bought a glowing robe for 88 gold pieces
 11247 | D:7      | Bought a scroll of identify for 48 gold pieces
 11247 | D:7      | Bought a coral ring for 120 gold pieces
 11247 | D:7      | Bought a potion of curing for 72 gold pieces
 12097 | D:8      | Found a stormy altar of Qazlal.
 12251 | D:8      | Reached skill level 5 in Conjurations
 12531 | D:8      | Reached skill level 11 in Spellcasting
 12538 | D:8      | Noticed Grum
 12543 | D:8      | Noticed Psyche
 14050 | D:8      | Reached skill level 1 in Air Magic
 14247 | D:8      | Killed Grum
 14780 | D:8      | Found a runed translucent gate.
 14780 | D:8      | Found a runed translucent gate.
 14780 | D:8      | Found a runed translucent gate.
 14782 | D:8      | Noticed emiel's ghost (novice MiFi)
 15119 | D:8      | Found a roughly hewn altar of Beogh.
 15567 | D:8      | Reached XP level 10. HP: 44/45 MP: 19/26
 15954 | D:8      | Killed Psyche
 16570 | D:9      | Found a hide-covered altar of Uskayaw.
 16591 | D:10     | Entered Level 10 of the Dungeon
 17126 | D:9      | Reached skill level 12 in Spellcasting
 18442 | D:10     | Reached * piety under Sif Muna
 18468 | D:10     | Learned a level 1 spell: Corona
 18592 | D:10     | Reached skill level 5 in Dodging
 18980 | D:10     | Noticed a two-headed ogre
 19002 | D:10     | Killed a two-headed ogre
 19002 | D:10     | Reached skill level 13 in Spellcasting
 19619 | D:11     | Found a staircase to the Lair.
 19628 | Lair:1   | Entered Level 1 of the Lair of Beasts
 19640 | Lair:1   | Noticed Sonja
 19670 | Lair:1   | Killed Sonja
 19817 | Lair:1   | Noticed a black mamba
 19913 | Lair:1   | Killed a black mamba
 19913 | Lair:1   | Reached XP level 11. HP: 40/49 MP: 1/29
 20065 | Lair:1   | Noticed Maggie
 20131 | Lair:1   | Found a gate leading to a gauntlet.
 20142 | Gauntlet | Entered a Gauntlet
 20142 | Gauntlet | Found a transporter.
 20142 | Gauntlet | Found a transporter.
 20142 | Gauntlet | Found a transporter.
 20143 | Gauntlet | Found a transporter.
 20147 | Gauntlet | Noticed a necromancer
 20253 | Gauntlet | Found a transporter.
 20355 | Gauntlet | Found a transporter.
 20360 | Gauntlet | Noticed a death ooze
 20362 | Gauntlet | Found a transporter.
 20363 | Gauntlet | Found a transporter.
 20364 | Gauntlet | Found a transporter.
 20366 | Gauntlet | Found a transporter.
 20373 | Gauntlet | Noticed a sixfirhy
 20373 | Gauntlet | Noticed a sixfirhy
 20375 | Gauntlet | Found a transporter.
 20380 | Gauntlet | Found a transporter.
 20386 | Gauntlet | Noticed a ghost crab
 21071 | Lair:1   | Killed Maggie
 21530 | Lair:3   | Reached ** piety under Sif Muna
 21811 | Lair:3   | Reached skill level 14 in Spellcasting
 22496 | Lair:2   | Found a staircase to the Shoals.
 22504 | Shoals:1 | Entered Level 1 of the Shoals
 22509 | Shoals:1 | Noticed a sea snake
 22567 | Shoals:2 | Reached skill level 1 in Evocations
 22685 | Shoals:2 | Found Rexofapt's Jewellery Emporium.
 22972 | Shoals:2 | Noticed a merfolk aquamancer
 22993 | Shoals:2 | Noticed a merfolk avatar
 22994 | Shoals:2 | Noticed a merfolk impaler
 23059 | Shoals:2 | Noticed a sea snake
 23219 | Shoals:1 | Noticed a sea snake
 23303 | Shoals:1 | Mangled by a snapping turtle

Levels and vault maps discovered:
D:1:      dpeg_arrival_rhombus, layout_rooms, kennysheep_doodads
D:2:      layout_basic
D:3:      kennysheep_goblin_castle, layout_loops_ring, old_standard_altar,
          fedhas_altar_1, lemuel_round_altar, hangedman_decor_growths,
          kennysheep_generic_room_14, uniq_robin, uniq_crazy_yiuf_cottage
D:4:      cheibrodos_old_hovel, layout_cave_pods, serial_shops, shop,
          uniq_blork_the_orc
D:5:      layout_basic, first_ration, cheibriados_altar_1, uniq_pikel,
          uniq_menkaure, uniq_duvessa
D:6:      layout_rooms, gup_sewer_entry_glass
D:7:      layout_rooms, minmay_temple_entry_stoned_glass, basic_altar,
          serial_shops, nicolae_shop_behind_doors, grunt_livestock,
          kennysheep_generic_room_2
D:8:      layout_basic, gammafunk_ghost_necromancy, special_room
          [special_room_orc], nicolae_qazlal_style_of_elements, uniq_grum,
          uniq_psyche
D:9:      layout_gridville, nicolae_overflow_crystal_walls, enter_bailey_3,
          kennysheep_cross_bottleneck, minmay_splitting_lines, abandoned_shop,
          kennysheep_another_room
D:10:     layout_basic
D:11:     layout_basic, lair_entry_dummy
Temple:   dpeg_five_rooms_temple
Lair:1:   wad_woods_tower, layout_cave_pods, gauntlet_entry_generic,
          st_stairs_3, grunt_megastairs_4, serial_bayou_shore_b, uniq_sonja,
          uniq_maggie
Lair:2:   layout_long_grid, shoals_dummy_entry, guppyfry_snake_entry_island,
          gammafunk_ghost_cemetery, columned_hall_lemuel, uniq_nergalle
Lair:3:   layout_regular_city, serial_bayou_shore_a
Shoals:1: layout_shoals, overgrown_tower, uniq_nikola
Shoals:2: layout_shoals, serial_shops, shop

Skill      XL: |  1  2  3  4  5  6  7  8  9 10 11 |
---------------+----------------------------------+-----
Spellcasting   | 5 6 7 8 10 11 13 14 | 14.4
Conjurations   | 1 2 3 4 5 6 |  6.4
Summonings     | 1 2 3 4 |  4.1
Axes           | 1 2 |  2.9
Poison Magic   | 1 2 |  2.2
Fire Magic     | 1 2 3 |  3.2
Throwing       | 1 2 3 |  3.4
Hexes          | 1 2 |  2.2
Stealth        | 4 |  4.7
Dodging        | 4 5 |  5.9
Fighting       | 1 |  1.6
Air Magic      | 1 |  1.6
Translocations | 2 |  2.9
Evocations     | 1 |  1.0
Short Blades   | |  0.4

Action                   |  1- 3 |  4- 6 |  7- 9 | 10-12 || total
-------------------------+-------+-------+-------+-------++-------
Melee: Unarmed           |     6 |       |       |       ||     6
       Hand axe          |       |    32 |    33 |    66 ||   131
       Dagger            |       |       |       |    59 ||    59
Throw: Stone             |       |    30 |    73 |     4 ||   107
       Dart              |       |       |       |     2 ||     2
 Cast: Magic Dart        |   112 |   196 |   396 |   449 ||  1153
       Blink             |     2 |     4 |     3 |    15 ||    24
       Call Imp          |     1 |    13 |    29 |    44 ||    87
       Conjure Flame     |       |    16 |    53 |    75 ||   144
       Mephitic Cloud    |       |    13 |    17 |    24 ||    54
       Slow              |       |     2 |    13 |    22 ||    37
Evoke: Wand              |       |       |       |     4 ||     4
       Lightning rod     |       |       |       |     3 ||     3
  Use: Scroll            |     1 |     5 |     8 |    13 ||    27
       Potion            |       |     4 |     3 |    11 ||    18
 Stab: Confused          |       |     1 |       |     1 ||     2
       Distracted        |       |       |       |     1 ||     1
       Paralysed         |       |       |       |     1 ||     1
  Eat: Ration            |       |     2 |     4 |     3 ||     9
Armor: Robe              |     3 |     7 |     7 |    16 ||    33
       Skin              |       |     1 |       |       ||     1
Dodge: Dodged            |    27 |    69 |    98 |   230 ||   424
Block: Other             |       |    13 |    20 |    29 ||    62
       Reflection        |       |     1 |     2 |     1 ||     4

Table legend:
 A = Non-vault XP
 B = Vault XP
 C = Vault XP percentage of total XP
 D = Non-vault monster count
 E = Vault monster count
 F = Vault count percentage of total count
                 A         B        C        D         E       F
            +---------+---------+-------+---------+---------+-------
      Total |   11231 |    4913 |  30.4 |     183 |      73 |  28.5
            +---------+---------+-------+---------+---------+-------
        D:1 |      27 |       0 |   0.0 |      17 |       0 |   0.0
        D:2 |     101 |       0 |   0.0 |      25 |       0 |   0.0
        D:3 |      46 |      87 |  65.4 |      14 |      25 |  64.1
        D:4 |     294 |      99 |  25.2 |      17 |       2 |  10.5
        D:5 |     102 |     880 |  89.6 |       7 |       3 |  30.0
        D:6 |     952 |       0 |   0.0 |      16 |       0 |   0.0
        D:7 |     552 |    1091 |  66.4 |      14 |       8 |  36.4
        D:8 |     722 |    1287 |  64.1 |      14 |      26 |  65.0
        D:9 |     845 |       7 |   0.8 |      10 |       4 |  28.6
       D:10 |    2412 |       0 |   0.0 |      19 |       0 |   0.0
       D:11 |      82 |       0 |   0.0 |       9 |       0 |   0.0
     Lair:1 |    1316 |    1462 |  52.6 |       7 |       5 |  41.7
     Lair:3 |    2758 |       0 |   0.0 |      11 |       0 |   0.0
   Shoals:2 |    1022 |       0 |   0.0 |       3 |       0 |   0.0
            +---------+---------+-------+---------+---------+-------
